 Dungeon Crawl Stone Soup version 0.32-a0-928-g1cae6b7ea0 (webtiles) character file.

Game seed: 5432487597863185275

1107 Maxmaps the Changeling (level 8, -3/50 HPs)
             Began as an Octopode Shapeshifter on Apr 12, 2024.
             Slain by an ice beast (9 damage)
             ... on level 6 of the Dungeon.
             The game lasted 00:05:16 (3118 turns).

Maxmaps the Changeling (Octopode Shapeshifter)      Turns: 3118, Time: 00:05:17

Health: -3/50      AC:  1    Str: 13    XL:     8   Next: 33%
Magic:  0/8        EV: 12    Int: 14    God:
Gold:   282        SH:  0    Dex: 12    Spells: 7/7 levels left

rFire   . . .        m - +3 dagger (venom)
rCold   . . .        (no shield)
rNeg    . . .        (helmet currently unavailable)
rPois   .            f - amulet of guardian spirit
rElec   .            (no ring)
rCorr   .            (no ring)
SInv    .            (no ring)
Will    .....        (no ring)
Stlth   ++++         (no ring)
HPRegen 0.28/turn    (no ring)
MPRegen 0.11/turn    (no ring)
                     (no ring)

%: guardian spirit
@: beast-form
A: beast (slay +4), almost no armour, amphibious, 8 rings, camouflage 1,
gelatinous body 1, (nimble swimmer 1), tentacles
a: Begin Untransformation


You were on level 6 of the Dungeon.
You were a hulking beast.
You visited 1 branch of the dungeon, and saw 5 of its levels.

You collected 282 gold pieces.

Inventory:

Hand Weapons
 g - a +0 dagger of speed
 l - a +2 spear of venom
 m - a +3 dagger of venom (weapon)
Missiles
 e - a throwing net (quivered)
Jewellery
 f - an amulet of guardian spirit (around mantle)
Talismans
 b - a beast talisman (active)
 c - a flux talisman
 t - a blade talisman
Wands
 h - a wand of polymorph (8)
 j - a wand of acid (10)
 r - a wand of flame (20)
Scrolls
 d - 2 scrolls of fog
 p - a scroll of teleportation
Potions
 a - a potion of lignification
 i - a potion of attraction {unknown}
 n - a potion of heal wounds
 o - a potion of invisibility
 q - a potion of mutation {unknown}
 s - 2 potions of curing


   Skills:
 - Level 2.1 Fighting
 - Level 3.1 Short Blades
 - Level 2.0 Dodging
 - Level 6.0 Stealth
 - Level 3.0 Unarmed Combat
 + Level 7.5 Shapeshifting


You had 7 spell levels left.
You didn't know any spells.
Your spell library contained the following spells:

 Spells                   Type           Power      Damage    Failure   Level
 Magic Dart               Conj           0%         1d3       28%         1
 Sting                    Conj/Alch      0%         1d3       28%         1
 Blink                    Tloc           0%         N/A       41%         2
 Call Imp                 Summ           0%         N/A       41%         2
 Ensorcelled Hibernation  Hex/Ice        0%         N/A       41%         2
 Mercury Vapours          Alch/Air       0%         N/A       41%         2
 Frozen Ramparts          Ice            0%         1d1       65%         3
 Ozocubu's Armour         Ice            0%         N/A       65%         3
 Passwall                 Erth           0%         N/A       65%         3
 Swiftness                Air            0%         N/A       65%         3
 Olgreb's Toxic Radiance  Alch           0%         N/A       96%         4
 Metabolic Englaciation   Hex/Ice        0%         N/A       100%        5


Dungeon Overview and Level Annotations

Branches:
Dungeon (6/15)             Temple (0/1) D:6

Altars:
Ashenzari

Annotations:
D:3 2 runed translucent doors, croobank's ghost, amateur OpSu


Innate Abilities, Weirdness & Mutations

You are a hulking beast.
Your limbs bulge with bestial killing power. (Slay +4)
You cannot wear most types of armour.
You are amphibious.
You can wear up to eight rings at the same time.
Your skin changes colour to match your surroundings (Stealth+).
Your rubbery body absorbs attacks. (AC +1, EV +1)
((You are camouflaged when in or above water. (Stealth+)))
You have tentacles for arms and can constrict up to eight enemies at once.


Message History

The hound moves out of view.
The hound barks!
You hear a shout!
The ice beast hits you. The ice beast freezes you.
You hear a shout!
The black bear growls angrily.
You hit the ice beast. You squeeze the ice beast.
The ice beast is lightly wounded.
The ice beast hits you. The ice beast freezes you!
You barely miss the ice beast. You squeeze the ice beast.
The ice beast is moderately wounded.
The ice beast misses you.
You hit the ice beast.
The ice beast is heavily wounded.
The ice beast barely misses you.
You hit the ice beast. You squeeze the ice beast.
The ice beast is severely wounded.
The ice beast barely misses you.
You closely miss the ice beast. Your squeeze misses the ice beast.
The ice beast is severely wounded.
The hound bites you. The hound misses you.
The ice beast hits you but does no damage.
An orc comes into view. It is wielding a +0 flail.
You hit the ice beast.
The ice beast is severely wounded.
The hound barely misses you.
Unknown command.
The ice beast attacks as it pursues you!
The ice beast hits you. The ice beast freezes you!
* * * LOW HITPOINT WARNING * * *
Okay, then.
The ice beast hits you.
* * * LOW HITPOINT WARNING * * *
The ice beast freezes you.
* * * LOW HITPOINT WARNING * * *
The hound barely misses you.
The ice beast attacks as it pursues you!
The ice beast hits you.
* * * LOW HITPOINT WARNING * * *
The ice beast freezes you!
You die...

.. #?# . #.# .
#.# .###
########.###....
#...hY.#........
#.####.#..#.#.#.
#.# #..h.......(
#.# #....K#.....
#)# #..?........
#.# #.....#...>.
#.# #......o....
#.# #.....#.....
#.# #...........


You could see a black bear, an ice beast, an orc and a kobold.

Vanquished Creatures
  Pikel (D:4)
  Grinder (D:4)
  4 lemures (D:4)
  A phantom (D:4)
  2 orc priests
  Natasha (D:3)
  4 orc wizards
  Ijyb (D:4)
  Robin (D:3)
  6 adders
  A white imp (D:4)
  A ribbon worm (D:4)
  19 orcs
  3 ball pythons
  5 bats
  4 endoplasms
  3 giant cockroaches
  20 goblins
  2 hobgoblins
  5 jackals
  4 quokkas
  3 frilled lizards
  8 kobolds
  4 rats (D:3)
104 creatures vanquished.

Notes
Turn   | Place    | Note
-------+----------+-------------------------------------------
     0 | D:1      | Maxmaps the Octopode Shapeshifter began the quest for the
                  | Orb.
     0 | D:1      | Reached XP level 1. HP: 13/13 MP: 1/1
   102 | D:1      | Reached XP level 2. HP: 4/19 MP: 2/2
   220 | D:1      | Reached skill level 1 in Stealth
   316 | D:1      | Found a faded altar of an unknown god.
   496 | D:1      | Reached XP level 3. HP: 24/24 MP: 3/3
  1015 | D:2      | Reached XP level 4. HP: 21/29 MP: 2/4
  1352 | D:3      | HP: 1/43 [orc priest/divine providence (11)]
  1360 | D:3      | Reached skill level 5 in Stealth
  1360 | D:3      | Reached XP level 5. HP: 26/34 MP: 1/5
  1365 | D:3      | Noticed Robin
  1561 | D:3      | Killed Robin
  1572 | D:3      | Reached skill level 1 in Short Blades
  1780 | D:3      | Found a large runed translucent door.
  1821 | D:3      | Found a large runed translucent door.
  1823 | D:3      | Noticed croobank's ghost (amateur OpSu)
  2145 | D:3      | Noticed Natasha
  2152 | D:3      | Killed Natasha
  2153 | D:3      | Reached XP level 6. HP: 39/39 MP: 6/6
  2286 | D:4      | Noticed Ijyb
  2288 | D:4      | Killed Ijyb
  2442 | D:4      | Noticed Grinder
  2442 | D:4      | Paralysed by Grinder for 2 turns
  2457 | D:4      | Killed Grinder
  2458 | D:4      | Reached skill level 4 in Shapeshifting
  2458 | D:4      | Reached XP level 7. HP: 33/45 MP: 4/7
  2527 | D:4      | Found a broken altar of Ashenzari.
  2533 | D:4      | Reached skill level 5 in Shapeshifting
  2785 | D:4      | Noticed Pikel
  2821 | D:4      | HP: 1/45 [lemure[Pikel] (5)]
  2911 | D:4      | Killed Pikel
  2912 | D:4      | Reached skill level 7 in Shapeshifting
  2912 | D:4      | Reached XP level 8. HP: 50/50 MP: 8/8
  3062 | D:4      | You fall into a shaft and drop 2 floors!
  3073 | D:6      | Found a staircase to the Ecumenical Temple.
  3118 | D:6      | Slain by an ice beast

Illustrated notes

Levels and vault maps discovered:
D:1:      dpeg_arrival_three_smaller_balls, layout_basic,
          shapermc_ecumenical_altar_mp_ritualfount, minmay_tripent
D:2:      layout_rooms
D:3:      layout_basic, ebering_ghost_disaster_area, uniq_robin, uniq_natasha
D:4:      cheibrodos_pilgrimage, layout_loops_corners, evilmike_ruin_ashenzari,
          nicolae_the_louvre, uniq_ijyb, uniq_sigmund, uniq_grinder, uniq_pikel
D:6:      layout_loops_ring, minmay_temple_entry_glass, gammafunk_ghost_icy,
          uniq_maggie, uniq_edmund, uniq_blork_the_orc, uniq_crazy_yiuf_cottage

Skill      XL: |  1  2  3  4  5  6  7 |
---------------+----------------------+-----
Fighting       | 2 |  2.1
Stealth        | 2 4 5 6 |  6.0
Short Blades   | 2 3 |  3.1
Shapeshifting  | 4 7 |  7.5
Dodging        | |  2.0
Unarmed Combat | |  3.0

Action                     |  1- 3 |  4- 6 |  7- 9 || total
---------------------------+-------+-------+-------++-------
  Melee: Unarmed           |    45 |    26 |       ||    71
         Constrict         |    13 |    22 |    11 ||    46
         Tentacles         |     6 |    12 |    14 ||    32
         Spear             |     3 |     7 |       ||    10
         Dagger            |       |    87 |    59 ||   146
    Use: Potion            |       |     3 |     1 ||     4
         Scroll            |       |     6 |     2 ||     8
   Stab: Sleeping          |     7 |    10 |     3 ||    20
         Invisible         |       |     1 |       ||     1
 Armour: Skin              |    20 |    92 |    29 ||   141
  Dodge: Dodged            |    23 |    50 |    26 ||    99

Table legend: (Time is in decaauts)
 A = Elapsed time spent in this place.
 B = Non-inter-level travel time spent in this place.
 C = Inter-level travel time spent in this place.
 D = Time resting spent in this place.
 E = Time spent auto-exploring this place.
 F = Levels seen in this place.
 G = Mean time per level.
                   A        B        C        D        E       F      G
               +--------+--------+--------+--------+--------+-----+--------+
         Total |   3096 |   3004 |     92 |    378 |   1992 |   5 |  619.2 |
       Dungeon |   3096 |   3004 |     92 |    378 |   1992 |   5 |  619.2 |
               +--------+--------+--------+--------+--------+-----+--------+

Top non-repeatable levels by time:
     D:3: 983 daAuts
     D:4: 773 daAuts
     D:1: 684 daAuts
     D:2: 600 daAuts
     D:6: 54 daAuts
